 Dungeon Crawl Stone Soup version 0.18.1-5-g4a78601 (webtiles) character file.

115485 UtilitaPro the Peltast (level 16, 0/151 HPs)
             Began as a Minotaur Fighter on May 6, 2016.
             Was the Champion of Okawaru.
             Slain by Asterion
             ... wielding a +2 demon trident of freezing
              (2 damage)
             ... on level 1 of the Spider Nest on May 9, 2016.
             The game lasted 03:04:32 (29551 turns).

UtilitaPro the Peltast (Minotaur Fighter)          Turns: 29551, Time: 03:04:33

Health: 0/151      AC: 22    Str: 27 (28) XL:     16   Next: 18%
Magic:  15/15      EV: 14    Int:  4 (5)  God:    Okawaru [******]
Gold:   1832       SH:  0    Dex: 19 (20) Spells: 0 memorised, 15 levels left

rFire  . . .     SeeInvis .     D - +5 war axe (freeze)
rCold  + . .     Gourm    .     P - +2 plate armour {MR+}
rNeg   . . .     Faith    .     c - +1 shield
rPois  .         Spirit   .     y - +2 hat {MR+}
rElec  .         Dismiss  .     (no cloak)
rCorr  .         Reflect  .     s - +0 pair of gloves
SustAt .         Harm     .     (no boots)
MR     +++..     Rnd*Rage +     I - amulet of magic regeneration
Stlth  ..........               N - ring of protection from cold
                                X - +6 ring of dexterity

@: confused, lethally poisoned (0 -> -27), slowed, very slow, extremely
resistant to hostile enchantments, extremely unstealthy
A: retaliatory headbutt, horns 2, agile 2, berserk 2, no device heal 2
a: Heroism, Finesse, Renounce Religion


You were on level 1 of the Spider Nest.
You worshipped Okawaru.
Okawaru was exalted by your worship.
You were not hungry.

You visited 6 branches of the dungeon, and saw 28 of its levels.
You also visited: Volcano.

You collected 2933 gold pieces.
You spent 1101 gold pieces at shops.

Inventory:

Hand Weapons
 u - a +2 greatsling of freezing
 D - a +5 war axe of freezing (weapon)
Missiles
 Q - 6 javelins of returning (quivered)
Armour
 c - a +1 shield (worn)
 p - the +2 hat of the Poles {Dex+2}
   (You acquired it on level 2 of the Orcish Mines)

   It affects your dexterity (+2).
 s - a +0 pair of gloves (worn)
 v - the +0 scale mail of the Eternal Fruit {Regen+ Str+2}
   (Okawaru gifted it to you on level 5 of the Lair of Beasts)

   It affects your strength (+2).
   It increases your rate of regeneration.
 y - a +2 hat of magic resistance (worn)
 C - a +0 shield of reflection
 P - a +2 plate armour of magic resistance (worn)
Jewellery
 a - an uncursed amulet of the gourmand
 j - an uncursed ring of protection from fire
 q - an uncursed ring of flight
 t - an uncursed ring of resist corrosion
 H - an uncursed amulet of dismissal
 I - an amulet of magic regeneration (around neck)
 N - a ring of protection from cold (right hand)
 X - a +6 ring of dexterity (left hand)
 Z - an uncursed ring of ice
Wands
 E - a wand of disintegration (9/24)
 R - a wand of digging (11/24)
 Y - a wand of digging (10/24)
Scrolls
 b - a scroll of amnesia
 e - a scroll of summoning
 k - 6 scrolls of fog
 l - 4 scrolls of teleportation
 m - a scroll of blinking
 r - 2 scrolls of fear
 G - 11 scrolls of remove curse
 J - 3 scrolls of magic mapping
 U - 2 scrolls of holy word
Potions
 d - 3 potions of agility
 h - 3 potions of curing
 n - 2 potions of brilliance
 o - a potion of flight
 w - a potion of invisibility {unknown}
 K - a potion of haste
 M - 2 potions of ambrosia {unknown}
 O - 2 potions of berserk rage {unknown}
 S - 2 potions of might
 T - 2 potions of cancellation {unknown}
 W - a potion of cure mutation {unknown}
Miscellaneous
 L - a phial of floods
Comestibles
 f - 12 bread rations
 g - 5 slices of pizza
 i - 10 meat rations
 B - 6 fruits
 F - 3 royal jellies


   Skills:
 + Level 15.9 Fighting
 - Level 16.0 Axes
 * Level 4.3 Throwing
 + Level 15.5 Armour
 * Level 9.3 Dodging
 - Level 0.3 Stealth
 + Level 17.6 Shields
 - Level 0.6 Invocations
 - Level 1.0 Evocations


You had 15 spell levels left.
You didn't know any spells.

Dungeon Overview and Level Annotations

Branches:
Dungeon (14/15)            Temple (1/1) D:5            Lair (8/8) D:11
  Swamp (2/4) Lair:4       Spider (1/4) Lair:5        Slime (0/6) Lair:6
    Orc (2/2) D:11            Elf (0/3) Orc:2        Vaults (0/5) D:13

Altars:
Ashenzari
Cheibriados
Dithmenos
Elyvilon
Fedhas
Gozag
Kikubaaqudgha
Makhleb
Nemelex Xobeh
Okawaru
Pakellas
Qazlal
Ru
Sif Muna
Trog
Vehumet
Xom
Yredelemnul
Zin
The Shining One
Beogh
Jiyva

Shops:
D:7 (   D:11 *   D:12 %   Orc:2 *[[*

Annotations:
D:4 exclusion: statue
Lair:6 1 runed door
Spider:1 Asterion


Innate Abilities, Weirdness & Mutations

You reflexively headbutt those who attack you in melee.
You have a pair of horns on your head.
You are very agile. (Dex +4)
You often lose your temper in combat.
Potions and wands are poor at restoring your health.


Message History

You barely miss the tarantella. You closely miss the tarantella.
You slash the spectral weapon!
Asterion shares his spectral weapon's damage!
You freeze the spectral weapon.
The spectral weapon is moderately damaged.
* * * LOW HITPOINT WARNING * * *
You feel very sick. The tarantella bites you!
* * * LOW HITPOINT WARNING * * *
You are more confused.
The tarantella barely misses you. Asterion hits you but does no damage.
Asterion gores you but does no damage. The spectral weapon hits you.
* * * LOW HITPOINT WARNING * * *
The tarantella bites you but does no damage.
The tarantella bites you.
* * * LOW HITPOINT WARNING * * *
Asterion hits you with a demon trident of freezing!
* * * LOW HITPOINT WARNING * * *
Asterion freezes you.
You die...

.... ..#...# #...#..###
#........## #........##
#####........####
#.#.....#.s....^#.... .
#.......#@(.........##
.##......ssH...^#.....# .
......#..w...(..#...(..
..##....#...............#
..^.....................#.
........[.........^).......
........<†.................
.........†...............#.
.............###...........


You could see Asterion, a torpor snail, 2 tarantellas, a redback and a spectral
demon trident of freezing.

Vanquished Creatures
  Nikola (Swamp:1)
  Rupert (Lair:6)
  Gastronok (Lair:2)
  Kirke (D:13)
  The ghost of DrakieV the Brawler, a journeyman TrMo of Makhleb (Orc:2)
  A ghost moth (Spider:1)
  Donald (Swamp:1)
  Aizul (Swamp:1)
  An emperor scorpion (Lair:5)
  3 fire dragons
  Josephine (Orc:1)
  Erolcha (D:9)
  10 hydras
  Fannar (Lair:2)
  Erica (D:9)
  3 centaur warriors
  A ghost crab (Swamp:1)
  3 alligators
  5 death yaks (Lair:6)
  3 orc high priests (Orc:2)
  Urug (D:11)
  An unseen horror (D:12)
  2 swamp dragons
  A wizard (D:13)
  2 lindwurms (Lair:8)
  Pikel (D:5)
  6 hill giants
  4 wolf spiders (Lair:5)
  8 orc knights
  9 orc sorcerers
  2 ugly things
  4 griffons
  15 elephants
  A cyclops (D:14)
  6 black mambas
  5 torpor snails (Lair:8)
  24 spiny frogs
  4 gargoyles
  A molten gargoyle (D:14)
  2 rime drakes
  An efreet (D:13)
  A kobold demonologist (D:12)
  8 komodo dragons
  4 demonic crawlers (Lair:5)
  3 jumping spiders (Lair:5)
  6 giant leeches
  2 polar bears
  6 trolls
  A two-headed ogre (D:14)
  Grinder (D:5)
  7 blink frogs
  9 slime creatures
  2 boulder beetles
  A bog body (Swamp:1)
  A hornet zombie (D:13)
  26 redbacks
  2 shadows
  2 water elementals (D:13)
  2 hogs (D:13)
  3 tarantellas
  7 wyverns
  29 yaks
  4 wraiths (Orc:2)
  Grum (D:9)
  3 steam dragons (Lair:8)
  10 hippogriffs
  A basilisk (Lair:8)
  4 vampire mosquitoes
  4 hungry ghosts
  6 swamp worms (Swamp:1)
  3 insubstantial wisps
  3 mottled dragons
  3 wargs
  9 water moccasins
  7 porcupines
  A slave (D:5)
  A swamp drake (Lair:8)
  32 orc warriors
  3 ice beasts
  6 wasps
  13 ogres
  8 sky beasts
  2 phantoms (D:8)
  An eye of draining (D:12)
  A necrophage (D:10)
  12 wolves
  8 centaurs
  17 crocodiles
  4 big kobolds
  16 giant frogs
  A wyvern zombie (D:11)
  A wyvern skeleton (D:9)
  3 scorpions
  15 killer bees
  14 wights
  3 howler monkeys
  4 electric eels
  9 crimson imps
  3 giant frog zombies
  A wasp zombie (D:8)
  2 quasits (D:9)
  3 centaur skeletons
  3 hounds
  7 jellies
  16 orc priests
  2 giant frog skeletons
  Natasha (thrice) (D:2)
  Terence (D:3)
  10 iguanas
  27 orc wizards
  8 worker ants
  16 sheep
  A hound zombie (D:8)
  A howler monkey zombie (D:6)
  A worker ant zombie (D:8)
  8 adders
  4 gnolls (D:6)
  A howler monkey skeleton (D:4)
  35 river rats
  A shadow imp (D:8)
  5 oozes (D:8)
  An adder zombie (D:9)
  20 worms
  2 dart slugs (D:1)
  7 giant geckos
  95 orcs
  2 ball pythons
  8 bats
  2 giant cockroaches (D:7)
  9 goblins
  4 hobgoblins
  8 jackals
  26 kobolds
  4 quokkas
  5 giant newts
  A jackal zombie (D:5)
  A quokka zombie (D:6)
  5 rats
  5 fungi
  10 plants
871 creatures vanquished.

Vanquished Creatures (collateral kills)
  A molten gargoyle (Volcano)
1 creature vanquished.

Vanquished Creatures (others)
  A human (D:13)
  An orc (Orc:1)
  3 bushes (Lair:8)
  19 fungi
  37 plants
61 creatures vanquished.

Grand Total: 933 creatures vanquished

Notes
Turn   | Place    | Note
--------------------------------------------------------------
     0 | D:1      | UtilitaPro the Minotaur Fighter began the quest for the Orb.
     0 | D:1      | Reached XP level 1. HP: 19/19 MP: 0/0
   211 | D:1      | Reached XP level 2. HP: 20/27 MP: 1/1
   326 | D:1      | Reached skill level 4 in Shields
   620 | D:1      | Reached XP level 3. HP: 33/33 MP: 2/2
   986 | D:2      | Noticed Natasha
   988 | D:2      | Killed Natasha
  1020 | D:2      | Noticed Natasha
  1025 | D:2      | Killed Natasha
  1025 | D:2      | Reached XP level 4. HP: 31/40 MP: 3/3
  1327 | D:2      | Found a burning altar of Makhleb.
  1327 | D:2      | Found a deep blue altar of Sif Muna.
  1441 | D:2      | Noticed Natasha
  1449 | D:2      | Killed Natasha
  1741 | D:3      | Found a shattered altar of Ashenzari.
  1801 | D:3      | Noticed Terence
  1820 | D:3      | Reached skill level 1 in Dodging
  1820 | D:3      | Reached XP level 5. HP: 38/47 MP: 4/4
  2065 | D:3      | Reached skill level 5 in Shields
  2236 | D:3      | Reached skill level 5 in Armour
  2309 | D:3      | Killed Terence
  2769 | D:3      | Reached XP level 6. HP: 53/53 MP: 5/5
  2898 | D:4      | Found a shimmering altar of Xom.
  3123 | D:4      | Found a blossoming altar of Fedhas.
  3182 | D:4      | Reached skill level 6 in Shields
  3271 | D:4      | Reached XP level 7. HP: 57/60 MP: 6/6
  3272 | D:4      | Reached skill level 5 in Fighting
  3400 | D:4      | Found a stormy altar of Qazlal.
  3427 | D:4      | Found a radiant altar of Vehumet.
  3448 | D:4      | Found a white marble altar of Elyvilon.
  3551 | D:5      | Entered Level 5 of the Dungeon
  3587 | D:5      | Found a staircase to the Ecumenical Temple.
  3622 | Temple   | Entered the Ecumenical Temple
  3819 | D:5      | Noticed Grinder
  3819 | D:5      | Paralysed by Grinder for 7 turns
  3833 | D:5      | Paralysed by Grinder for 4 turns
  3838 | D:5      | Killed Grinder
  3919 | D:5      | Reached skill level 5 in Axes
  3919 | D:5      | Reached skill level 7 in Shields
  4315 | D:5      | Noticed Pikel
  4345 | D:5      | Killed Pikel
  4345 | D:5      | Reached XP level 8. HP: 38/71 MP: 7/7
  4635 | D:5      | Gained mutation: You tend to lose your temper in combat. [potion of mutation]
  4635 | D:5      | Gained mutation: You have large cloven feet. [potion of mutation]
  4635 | D:5      | Gained mutation: Potions and wands are less effective at restoring your health. [potion of mutation]
  4682 | D:6      | Reached skill level 8 in Shields
  5446 | D:6      | Reached XP level 9. HP: 36/79 MP: 8/8
  5858 | D:6      | Found a shadowy altar of Dithmenos.
  6048 | D:6      | Gained mutation: You are agile. (Dex +2) [potion of beneficial mutation]
  6143 | D:7      | Reached skill level 9 in Shields
  6546 | D:7      | Found an ancient bone altar of Kikubaaqudgha.
  6718 | D:7      | Found Boint's Antique Weapon Shop.
  7383 | D:8      | Found a sacrificial altar of Ru.
  7437 | D:8      | Found a snail-covered altar of Cheibriados.
  7646 | D:8      | Found a bloodstained altar of Trog.
  7751 | D:9      | Reached XP level 10. HP: 67/88 MP: 9/9
  7962 | D:9      | Found an iron altar of Okawaru.
  7962 | D:9      | Noticed Erica
  7977 | D:9      | Killed Erica
  7977 | D:9      | Reached skill level 10 in Shields
  8023 | D:9      | Became a worshipper of Warmaster Okawaru
  8071 | D:9      | Reached skill level 10 in Axes
  8259 | D:9      | Noticed Grum
  8269 | D:9      | Killed Grum
  8327 | D:9      | Noticed Erolcha
  8334 | D:9      | Killed Erolcha
  8334 | D:9      | Reached * piety under Okawaru
  8338 | D:9      | Gained mutation: Armour fits poorly on your strangely shaped body. [potion of mutation]
  8338 | D:9      | Gained mutation: Potions and wands are poor at restoring your health. [potion of mutation]
  8338 | D:9      | Gained mutation: You often lose your temper in combat. [potion of mutation]
  8339 | D:9      | Lost mutation: Armour fits poorly on your strangely shaped body. [potion of mutation]
  8339 | D:9      | Gained mutation: You are very agile. (Dex +4) [potion of mutation]
  8339 | D:9      | Lost mutation: You have large cloven feet. [potion of mutation]
  8840 | D:10     | Entered Level 10 of the Dungeon
  8903 | D:10     | Reached ** piety under Okawaru
  8903 | D:10     | Reached skill level 10 in Armour
  8957 | D:10     | Reached skill level 11 in Shields
  9149 | D:10     | Noticed a hill giant
  9155 | D:10     | Killed a hill giant
  9155 | D:10     | Reached XP level 11. HP: 97/97 MP: 7/10
  9295 | D:11     | Found a staircase to the Lair.
  9330 | D:11     | Noticed a purple ugly thing
  9336 | D:11     | Killed a purple ugly thing
  9406 | D:11     | Reached *** piety under Okawaru
  9417 | D:11     | Found a staircase to the Orcish Mines.
  9637 | D:11     | Noticed Urug
  9655 | D:11     | Killed Urug
  9951 | D:11     | Reached **** piety under Okawaru
  9995 | D:11     | Noticed a hill giant
 10001 | D:11     | Killed a hill giant
 10097 | D:11     | Found Goirungu's Assorted Antiques.
 10126 | D:11     | Bought a scroll of identify for 52 gold pieces
 10126 | D:11     | Bought a scroll of identify for 52 gold pieces
 10126 | D:11     | Bought a scroll of identify for 52 gold pieces
 10504 | D:12     | Reached skill level 10 in Fighting
 10510 | D:12     | Reached skill level 12 in Shields
 10587 | D:12     | Noticed a fire dragon
 10819 | D:12     | Found a deep blue altar of Sif Muna.
 10833 | D:12     | Reached ***** piety under Okawaru
 10951 | D:12     | Noticed a hill giant
 10960 | D:12     | Killed a hill giant
 11040 | D:12     | Killed an unseen horror
 11040 | D:12     | Received a gift from Okawaru
 11070 | D:12     | Noticed a green ugly thing
 11084 | D:12     | Killed a green ugly thing
 11084 | D:12     | Reached XP level 12. HP: 62/107 MP: 11/11
 11454 | D:12     | Received a gift from Okawaru
 11512 | D:12     | Found Lirraott's Food Shoppe.
 11519 | D:12     | Bought a royal jelly for 26 gold pieces
 11519 | D:12     | Bought a slice of pizza for 19 gold pieces
 11519 | D:12     | Bought a bread ration for 65 gold pieces
 11519 | D:12     | Bought a bread ration for 65 gold pieces
 11519 | D:12     | Bought a slice of pizza for 19 gold pieces
 11519 | D:12     | Bought a slice of pizza for 19 gold pieces
 11519 | D:12     | Bought a beef jerky for 19 gold pieces
 11704 | D:12     | Noticed a centaur warrior
 11712 | D:12     | Killed a centaur warrior
 11712 | D:12     | Reached skill level 5 in Dodging
 11841 | D:12     | Killed a fire dragon
 11980 | Lair:1   | Entered Level 1 of the Lair of Beasts
 11997 | Lair:1   | Found a dark tunnel.
 12007 | Volcano  | Entered a volcano
 12217 | Volcano  | HP: 1/108 [molten gargoyle/bolt of magma (11)]
 12358 | Volcano  | Reached skill level 1 in Evocations
 12793 | Lair:1   | Reached skill level 13 in Shields
 13481 | Lair:2   | Noticed an eight-headed hydra
 13492 | Lair:2   | Killed a 15-headed hydra
 13939 | Lair:2   | Noticed a seven-headed hydra
 13949 | Lair:2   | Killed a 13-headed hydra
 13993 | Lair:2   | Noticed Gastronok
 13995 | Lair:2   | Found an opulent altar of Gozag.
 14010 | Lair:2   | Killed Gastronok
 14408 | Lair:2   | Noticed Fannar
 14427 | Lair:2   | Killed Fannar
 14477 | Lair:2   | Received a gift from Okawaru
 14478 | Lair:2   | Reached XP level 13. HP: 105/116 MP: 12/12
 15196 | Lair:3   | Reached skill level 14 in Shields
 15490 | Lair:4   | Received a gift from Okawaru
 15893 | Lair:4   | Got a faintly glowing long sword
 15895 | Lair:4   | Identified the +6 long sword of Guile {slice, rElec Stlth+} (You found it on level 4 of the Lair of Beasts)
 15985 | Lair:4   | Found a staircase to the Swamp.
 16338 | Lair:4   | You fall through a shaft!
 16341 | Lair:5   | Reached skill level 15 in Axes
 17145 | Lair:6   | Received a gift from Okawaru
 17406 | Lair:6   | Found a runed door.
 17406 | Lair:6   | Found a viscous altar of Jiyva.
 17406 | Lair:6   | Noticed an acid blob
 17409 | Lair:6   | Found a staircase to the Slime Pits.
 17409 | Lair:6   | Noticed an acid blob
 17770 | Lair:6   | Noticed Rupert
 17772 | Lair:6   | Paralysed by Rupert for 5 turns
 17785 | Lair:6   | Received a gift from Okawaru
 17790 | Lair:6   | Reached XP level 14. HP: 127/127 MP: 11/13
 17791 | Lair:6   | Killed Rupert
 18218 | Lair:5   | Reached skill level 15 in Shields
 18456 | Lair:5   | Found a stormy altar of Qazlal.
 18536 | Lair:5   | Found a hole to the Spider Nest.
 19565 | Lair:8   | Entered Level 8 of the Lair of Beasts
 20528 | Lair:8   | Found a runed door.
 20585 | Lair:8   | Reached ****** piety under Okawaru
 20751 | Lair:8   | Received a gift from Okawaru
 22052 | Orc:1    | Entered Level 1 of the Orcish Mines
 22126 | Orc:2    | Entered Level 2 of the Orcish Mines
 22240 | Orc:2    | Found a roughly hewn altar of Beogh.
 22243 | Orc:2    | Found a staircase to the Elven Halls.
 22324 | Orc:2    | Noticed DrakieV's ghost (journeyman TrMo)
 22343 | Orc:2    | Killed DrakieV's ghost
 22671 | Orc:2    | Found Cystotui's Assorted Antiques.
 22700 | Orc:2    | Reached skill level 16 in Shields
 22700 | Orc:2    | Reached XP level 15. HP: 115/139 MP: 14/14
 23445 | Orc:2    | Received a gift from Okawaru
 23448 | Orc:2    | Found Xiofra Qohas's Armour Boutique.
 23469 | Orc:2    | Bought a scroll of magic mapping for 91 gold pieces
 23469 | Orc:2    | Bought a scroll of identify for 52 gold pieces
 23469 | Orc:2    | Bought a scroll labeled WAAFREXIDO for 26 gold pieces
 23484 | Orc:2    | Found Weizopp's Armour Boutique.
 23486 | Orc:2    | Found Xivuxym's Assorted Antiques.
 23494 | Orc:2    | Bought a scroll of identify for 52 gold pieces
 23494 | Orc:2    | Bought a scroll of identify for 52 gold pieces
 23494 | Orc:2    | Identified a scroll of acquirement
 23502 | Orc:2    | Got an encrusted hat
 23509 | Orc:2    | Identified the +2 hat of the Poles {Dex+2} (You acquired it on level 2 of the Orcish Mines)
 23522 | Orc:2    | Bought a +2 plate armour of magic resistance for 440 gold pieces
 23795 | Orc:1    | Noticed Josephine
 23844 | Orc:2    | Reached skill level 15 in Fighting
 24027 | Orc:1    | Killed Josephine
 24444 | Orc:1    | Found a runed door.
 24534 | Orc:1    | Found a roughly hewn altar of Beogh.
 24819 | D:13     | Received a gift from Okawaru
 25016 | D:13     | Noticed Kirke
 25031 | D:13     | Killed Kirke
 25051 | D:13     | Reached skill level 15 in Armour
 25117 | D:13     | Reached skill level 1 in Throwing
 25265 | D:13     | Found a gate to the Vaults.
 25578 | D:14     | Received a gift from Okawaru
 25643 | D:14     | Found a radiant altar of Vehumet.
 26443 | Swamp:1  | Entered Level 1 of the Swamp
 26518 | Swamp:1  | Noticed Donald
 26538 | Swamp:1  | Killed Donald
 26538 | Swamp:1  | Received a gift from Okawaru
 26692 | Swamp:1  | Reached skill level 17 in Shields
 26757 | Swamp:1  | Noticed Nikola
 26792 | Swamp:1  | Killed Nikola
 26813 | Swamp:1  | Noticed Aizul
 26832 | Swamp:1  | Killed Aizul
 28690 | Spider:1 | Entered Level 1 of the Spider Nest
 28697 | Lair:5   | Upgraded the game from 0.18.1-1-g2f07953 to 0.18.1-5-g4a78601
 28702 | Lair:5   | Reached XP level 16. HP: 150/150 MP: 15/15
 28704 | Lair:5   | Received a gift from Okawaru
 28710 | Lair:5   | Got a twisted scale mail {god gift}
 28746 | Lair:5   | Identified the +0 scale mail of the Eternal Fruit {Regen+ Str+2} (Okawaru gifted it to you on level 5 of the Lair of Beasts)
 29096 | Spider:1 | Noticed Asterion
 29551 | Spider:1 | HP: 2/151 [Asterion/demon trident of freezing (13)]
 29551 | Spider:1 | Slain by Asterion

Skill      XL: |  1  2  3  4  5  6  7  8  9 10 11 12 13 14 15 16 |
---------------+-------------------------------------------------+-----
Shields        | 4 5 6 7 8 9 11 12 13 14 16 17 | 17.6
Armour         | 4 5 6 8 10 11 12 13 14 15 | 15.5
Fighting       | 4 6 7 8 9 10 11 12 14 15 | 15.9
Axes           | 3 4 6 7 9 10 12 14 15 16 | 16.0
Dodging        | 1 2 3 4 5 7 9 |  9.3
Evocations     | 1 |  1.0
Throwing       | 3 4 |  4.3
Stealth        | |  0.3
Invocations    | |  0.6

Action                   |  1- 3 |  4- 6 |  7- 9 | 10-12 | 13-15 | 16-18 || total
-------------------------+-------+-------+-------+-------+-------+-------++-------
Melee: War axe           |    71 |   144 |   297 |   633 |  1307 |    70 ||  2522
       Headbutt          |    10 |    21 |    56 |   135 |   436 |    19 ||   677
       Kick              |       |       |    70 |    23 |       |       ||    93
Invok: Heroism           |       |       |       |     8 |    17 |       ||    25
Evoke: Wand              |       |       |       |     2 |     2 |       ||     4
       Phial of floods   |       |       |       |     1 |       |       ||     1
  Use: Scroll            |     3 |     8 |    10 |    11 |    26 |       ||    58
       Potion            |     1 |       |     5 |     4 |     7 |     1 ||    18
 Stab: Paralysed         |       |       |     1 |       |       |       ||     1
  Eat: Meat ration       |       |     1 |       |     2 |     2 |     1 ||     6
       Fruit             |       |     3 |     2 |     1 |     6 |       ||    12
       Chunk             |       |       |    10 |    22 |    16 |       ||    48
       Bread ration      |       |       |     1 |       |     3 |       ||     4
       Royal jelly       |       |       |       |     2 |     7 |     1 ||    10
       Pizza             |       |       |       |     1 |       |       ||     1
       Beef jerky        |       |       |       |     1 |     2 |       ||     3
Armor: Scale mail        |    30 |    33 |       |       |       |       ||    63
       Plate armour      |       |    51 |   123 |   227 |   366 |    74 ||   841
Dodge: Dodged            |    22 |    42 |    63 |   160 |   348 |    68 ||   703
Block: Shield            |    40 |   113 |   155 |   420 |   823 |   101 ||  1652
